 Dungeon Crawl Stone Soup version 0.30-a0-297-g0ec75d9ef4 (webtiles) character file.

Game seed: 18220017249528845221

177 Mgcat the Digger (level 5, 0/28 HPs)
             Began as a Gargoyle Earth Elementalist on Oct 19, 2022.
             Slain by a killer bee (5 damage)
             ... on level 7 of the Dungeon.
             The game lasted 00:04:47 (2915 turns).

Mgcat the Digger (Gargoyle Earth Elementalist)      Turns: 2915, Time: 00:04:48

Health: 0/28       AC:  8    Str: 12    XL:     5   Next: 57%
Magic:  7/10       EV: 11    Int: 17    God:
Gold:   206        SH:  0    Dex: 10    Spells: 9/10 levels left

rFire   + . .      SeeInvis .    c - staff of fire {rF+}
rCold   . . .      Faith    .    (no shield)
rNeg    + . .      Spirit   .    a - +0 robe
rPois   ∞          Reflect  .    e - +1 helmet
rElec   +          Harm     .    (no cloak)
rCorr   .          Rampage  .    (no gloves)
Will    .....                    (no boots)
Stlth   ++........               (no amulet)
HPRegen 0.24/turn                (no ring)
MPRegen 0.12/turn                (no ring)

@: about to teleport, weak-willed
A: sickness immunity, AC +4, negative energy resistance 1, electricity
resistance, torment resistance 1, petrification resistance
a: no special abilities


You were on level 7 of the Dungeon.
You visited 1 branch of the dungeon, and saw 5 of its levels.

You collected 206 gold pieces.

Inventory:

Hand Weapons
 r - a +0 hand axe of electrocution
   (You found it on level 3 of the Dungeon)
Armour
 a - a +0 robe (worn)
 e - a +1 helmet (worn)
   (You found it on level 1 of the Dungeon)
Magical Staves
 c - a staff of fire (weapon) {rF+}
   (You found it on level 3 of the Dungeon)
Jewellery
 o - a ring of fire {rF+, rC-}
   (You found it on level 2 of the Dungeon)
Scrolls
 d - 2 scrolls of enchant armour
 f - a scroll of vulnerability {!r!r}
 i - a scroll of immolation {unknown}
 l - 2 scrolls of teleportation
 m - a scroll of amnesia {unknown}
 n - a scroll of poison {unknown}
 s - a scroll of fear {unknown}
 t - a scroll of noise {unknown}
 v - a scroll of summoning {unknown}
Potions
 b - a potion of magic
 g - a potion of heal wounds {unknown}
 h - a potion of attraction {unknown}
 j - a potion of ambrosia {unknown}
 k - a potion of degeneration {unknown}
 p - a potion of mutation {unknown}
 q - a potion of brilliance {unknown}
 u - a potion of curing {unknown}


   Skills:
 - Level 1.5 Dodging
 + Level 4.1 Stealth
 + Level 3.3 Spellcasting
 - Level 0.7 Transmutations
 + Level 5.1 Earth Magic


You had 9 spell levels left.
You knew the following spells:

 Your Spells              Type           Power      Damage    Failure   Level
a - Sandblast             Erth           40%        2d10      1%          1

Your spell library contained the following spells:

 Spells                   Type           Power      Damage    Failure   Level
 Passwall                 Tmut/Erth      10%        N/A       8%          2
 Stone Arrow              Conj/Erth      22%        3d8       17%         3
 Petrify                  Tmut/Erth      12%        N/A       45%         4


Dungeon Overview and Level Annotations

Branches:
Dungeon (4/15)
 Temple: D:4-7

Altars:
Elyvilon

Annotations:
D:3 3 runed translucent doors, vogonpoet's ghost, amateur GrEE
D:4 exclusion: kobold brigand


Innate Abilities, Weirdness & Mutations

You are immune to sickness and miasma.
Your stone body is resilient. (AC +4)
You are immune to poison.
You resist negative energy. (rN+)
You are resistant to electric shocks. (rElec)
You are resistant to unholy torment.
You are immune to petrification.


Message History

Unknown command.
Lua error: [string "/dgldir/rcfiles/crawl-git/Mgcat.rc"]:930: invalid capture index A killer bee comes into view.
The killer bee buzzes angrily. x2; You hear a shout!
The howler monkey hoots and howls with incredible vigour!
You hear an angry hiss. x2
Lua error: [string "/dgldir/rcfiles/crawl-git/Mgcat.rc"]:938: invalid capture index Unknown command.
Lua error: [string "/dgldir/rcfiles/crawl-git/Mgcat.rc"]:938: invalid capture index Unknown command.
Danger x4: killer bee (wandering), killer bee x3!
Warning x3: The killer bee (wandering) is very fast!
The killer bee is very fast! x2
Unknown command.
Lua error: [string "/dgldir/rcfiles/crawl-git/Mgcat.rc"]:930: invalid capture index Unknown command.
Lua error: [string "/dgldir/rcfiles/crawl-git/Mgcat.rc"]:930: invalid capture index Warning x3: The killer bee is very fast! x3
The killer bee closely misses you.
A steam dragon comes into view.
The killer bee stings you but does no damage.
The steam dragon breathes steam at you. The ball of steam misses you.
The steam dragon moves out of view.
Warning x2: The killer bee is very fast! x2
Casting: Sandblast (safe; 2% risk of failure)
Confirm with . or Enter, or press ? or * to list all spells.
Aiming: Sandblast (safe; 2% risk of failure)
Press: ? - help, Shift-Dir - straight line, f - killer bee
Aim: a killer bee (65% to hit)
The blast of sand misses the killer bee.
The killer bee stings you. The killer bee closely misses you.
The killer bee misses you.
You take 1 damage, and have 27/28 hp.
You now have 8/9 mp.
Warning x3: The killer bee is very fast! x3
The killer bee is engulfed in a cloud of scalding steam. x2
The killer bee closely misses you.
The killer bee attacks as you move away!
The killer bee barely misses you. The killer bee closely misses you.
An orc comes into view. It is wielding a +0 club.
Health restored: 28 Lua error: [string "/dgldir/rcfiles/crawl-git/Mgcat.rc"]:930: invalid capture index The killer bee barely misses you.
Lua error: [string "/dgldir/rcfiles/crawl-git/Mgcat.rc"]:930: invalid capture index The killer bee stings you.
You take 5 damage, and have 23/28 hp.
Warning x3: The killer bee is very fast! x3
Casting: Sandblast (safe; 2% risk of failure)
Confirm with . or Enter, or press ? or * to list all spells.
Aiming: Sandblast (safe; 2% risk of failure)
Press: ? - help, Shift-Dir - straight line, f/p - killer bee
Aim: a killer bee (moderately wounded, 65% to hit)
The blast of sand hits the killer bee!
The killer bee is severely wounded.
The killer bee stings you. The steam dragon breathes steam at you.
The ball of steam hits you. You resist. The killer bee misses you.
You hear a shout!
You take 4 damage, and have 19/28 hp.
You now have 7/9 mp.
Warning x2: The killer bee is very fast! x2
The steam dragon attacks as you move away!
The steam dragon closely misses you. The steam dragon claws you.
You take 5 damage, and have 14/28 hp.
Warning x3: The killer bee is very fast! x3
The killer bee buzzes angrily.
The killer bee is engulfed in a cloud of scalding steam.
A sky beast comes into view.
The killer bee is engulfed in a cloud of scalding steam.
The killer bee dies!
Casting: Sandblast (safe; 1% risk of failure)
Confirm with . or Enter, or press ? or * to list all spells.
Aiming: Sandblast (safe; 1% risk of failure)
Press: ? - help, Shift-Dir - straight line, f - steam dragon
Aim: a steam dragon (catching its breath, 83% to hit)
The blast of sand hits the steam dragon.
The steam dragon is lightly wounded.
The killer bee stings you. The steam dragon bites you.
* * * LOW HITPOINT WARNING * * *
The steam dragon claws you but does no damage.
The sky beast flickers out of sight!
Deactivating autopickup; reactivate with Ctrl-A.
The killer bee stings you but does no damage.
You take 9 damage, and have 5/28 hp.
MASSIVE DAMAGE!!
You now have 7/10 mp.
Warning x3: The killer bee is very fast! x3
The killer bee attacks as you move away!
The killer bee barely misses you.
The killer bee stings you but does no damage.
Warning x2: The killer bee is very fast! x2
The killer bee barely misses you. The killer bee misses you.
The killer bee closely misses you.
Warning x3: The killer bee is very fast! x3
The killer bee attacks as you move away!
The killer bee stings you but does no damage.
A sky beast appears from thin air!
Reactivating autopickup.
The killer bee stings you.
* * * LOW HITPOINT WARNING * * *
You take 1 damage, and have 5/28 hp.
Warning x3: The killer bee is very fast! x3
As you read the scroll of teleportation, it crumbles to dust.
You feel strangely unstable. The killer bee stings you.
You die...

###############
#...).........#
#.####†.#..##.##
###....oD.##D##..##
#......#..##..##..##
#.#.##.#..#.....o..#
#.##yYD...........#
#.@yyoh#..........#
#.####.##.....y..##
... ..##.....>..#
#.#. ......{..yo..
#.#. ...$........ #
#. .#........#. #.
#. #.


You could see a steam dragon, a sky beast, a howler monkey, 3 killer bees and an
orc.

Vanquished Creatures
  Jessica (D:2)
  3 gnolls (D:2)
  4 adders
  2 dart slugs (D:2)
  3 orcs (D:4)
  5 endoplasms
  2 giant cockroaches
  3 goblins
  9 hobgoblins
  6 quokkas
  4 ball pythons
  4 bats
  3 frilled lizards
  7 kobolds
  5 rats
  A spectral goblin (D:2)
62 creatures vanquished.

Vanquished Creatures (others)
  A killer bee (D:7)
1 creature vanquished.

Grand Total: 63 creatures vanquished

Notes
Turn   | Place    | Note
-------+----------+-------------------------------------------
     0 | D:1      | Mgcat the Gargoyle Earth Elementalist began the quest for
                  | the Orb.
     0 | D:1      | Reached XP level 1. HP: 10/10 MP: 3/3
    85 | D:1      | Reached XP level 2. HP: 15/15 MP: 0/5
   280 | D:1      | Reached skill level 4 in Earth Magic
   650 | D:2      | Reached skill level 3 in Stealth
   650 | D:2      | Reached XP level 3. HP: 19/19 MP: 4/6
  1061 | D:2      | Found a faded altar of an unknown god.
  1283 | D:2      | Reached XP level 4. HP: 24/24 MP: 5/8
  1450 | D:2      | Noticed Jessica
  1461 | D:2      | Killed Jessica
  1462 | D:2      | Reached skill level 3 in Spellcasting
  1787 | D:3      | Reached XP level 5. HP: 28/28 MP: 6/9
  1986 | D:3      | Identified the +4 scale mail "Qogit" {Str+2}
  2186 | D:3      | Reached skill level 4 in Stealth
  2276 | D:3      | Reached skill level 5 in Earth Magic
  2284 | D:3      | Found a runed translucent gate.
  2284 | D:3      | Found a runed translucent gate.
  2290 | D:3      | Found a runed translucent gate.
  2293 | D:3      | Noticed vogonpoet's ghost (amateur GrEE)
  2652 | D:4      | Noticed a kobold brigand
  2739 | D:4      | Found a white marble altar of Elyvilon.
  2892 | D:4      | You fall into a shaft and drop 3 floors!
  2900 | D:7      | Noticed a steam dragon
  2908 | D:7      | Noticed a sky beast
  2909 | D:7      | HP: 5/28 [steam dragon (4)]
  2914 | D:7      | HP: 5/28 [killer bee (2)]
  2915 | D:7      | Slain by a killer bee

Illustrated notes

Levels and vault maps discovered:
D:1:      spicycebolla_arrival_risky_transporter, layout_rooms,
          minmay_pentomino_p4
D:2:      layout_loops_corners, dreamdust_ecumenical_altar_drowned_temple,
          dk_noncrumbling_3, uniq_jessica
D:3:      layout_basic, gammafunk_ghost_necromancy
D:4:      layout_loops_corners, nicolae_elyvilon_peaceful_grove,
          uniq_blork_the_orc, uniq_menkaure
D:7:      layout_loops_cross, enter_bailey_4,
          eino_small_chamber_without_monster, st_stairs_5, nzn_random_ring

Skill      XL: |  1  2  3  4  5 |
---------------+----------------+-----
Earth Magic    | 4 5 |  5.1
Stealth        | 3 4 |  4.1
Spellcasting   | 3 |  3.3
Dodging        | |  1.5
Transmutations | |  0.7

Action                   |  1- 3 |  4- 6 || total
-------------------------+-------+-------++-------
 Cast: Sandblast         |    52 |    45 ||    97
  Use: Scroll            |       |     4 ||     4
Armor: Robe              |     2 |    11 ||    13
Dodge: Dodged            |     5 |    24 ||    29

Table legend: (Time is in decaauts)
 A = Elapsed time spent in this place.
 B = Non-inter-level travel time spent in this place.
 C = Inter-level travel time spent in this place.
 D = Time resting spent in this place.
 E = Time spent auto-exploring this place.
 F = Levels seen in this place.
 G = Mean time per level.
                   A        B        C        D        E       F      G
               +--------+--------+--------+--------+--------+-----+--------+
         Total |   2971 |   2905 |     66 |    207 |   2294 |   5 |  594.2 |
       Dungeon |   2971 |   2905 |     66 |    207 |   2294 |   5 |  594.2 |
               +--------+--------+--------+--------+--------+-----+--------+

Top non-repeatable levels by time:
     D:2: 1141 daAuts
     D:3: 717 daAuts
     D:1: 640 daAuts
     D:4: 448 daAuts
     D:7: 24 daAuts

Table legend:
 A = Kills in this place as a percentage of kills in entire the game.
 B = Kills by you in this place as a percentage of kills by you in the entire game.
 C = Kills by friends in this place as a percentage of kills by friends in the entire game.
 D = Other kills in this place as a percentage of other kills in the entire game.
 E = Experience gained in this place as a percentage of experience gained in the entire game.
 F = Experience gained in this place divided by the number of levels of this place that you have seen.
                   A       B       C       D       E      F
               +-------+-------+-------+-------+-------+----------------------
         Total | 100.0 | 100.0 |   N/A | 100.0 | 100.0 |  50.6
       Dungeon | 100.0 | 100.0 |   N/A | 100.0 | 100.0 |  50.6
               +-------+-------+-------+-------+-------+----------------------
